 Dungeon Crawl Stone Soup version 0.19.0-2-gae57169 (console) character file.

11608 Kloppie the Carver (level 11, -1/135 HPs)
             Began as a Demonspawn Berserker on Nov 6, 2016.
             Was a High Priest of Trog.
             Slain by an ice devil (18 damage)
             ... in an ice cave.
             The game lasted 00:18:55 (11612 turns).

Kloppie the Carver (Demonspawn Berserker)          Turns: 11612, Time: 00:18:56

Health: -1/135     AC: 10    Str: 26    XL:     11   Next: 51%
Magic:  0/11       EV: 17    Int:  3    God:    Trog [*****.]
Gold:   212        SH:  0    Dex: 20    Spells: 0 memorised, 10 levels left

rFire  . . .     SeeInvis +     l - +1 great sword (drain)
rCold  . . .     Gourm    .     H - +1 ring mail of the Okapi {+Fly rElec MR+++ Int-5} (curse)
rNeg   . . .     Faith    .     (shield currently unavailable)
rPois  .         Spirit   +     (helmet restricted)
rElec  +         Reflect  .     (no cloak)
rCorr  .         Harm     .     F - +0 pair of gloves {Str+3}
MR     ++++.                    A - +1 pair of boots
Stlth  ..........               I - amulet of magic regeneration
                                x - ring of see invisible
                                u - ring of protection from magic

@: berserking, very quick
A: horns 2, thin skeletal structure 2, nightstalker 1, magic shield
a: Berserk, Trog's Hand, Brothers in Arms, Burn Spellbooks, Renounce Religion,
Evoke Flight


You were in an ice cave.
You worshipped Trog.
Trog was extremely pleased with you.
You were not hungry.

You visited 1 branch of the dungeon, and saw 11 of its levels.
You also visited: Ice Cave.

You collected 212 gold pieces.

Inventory:

Hand Weapons
 a - a +4 long sword of slicing
 l - a +1 great sword of draining (weapon)
Armour
 A - a +1 pair of boots (worn)
 F - a +0 pair of gloves of strength (worn)
 H - the cursed +1 ring mail of the Okapi (worn) {+Fly rElec MR+++ Int-5}
   (You found it on level 9 of the Dungeon)

   It affects your intelligence (-5).
   It insulates you from electricity.
   It affects your resistance to hostile enchantments.
   It lets you fly.
   It has a curse placed upon it.
Jewellery
 i - an uncursed ring of protection from fire
 u - a ring of protection from magic (left hand)
 x - a ring of see invisible (right hand)
 G - an uncursed ring of resist corrosion
 I - an amulet of magic regeneration (around neck)
Wands
 j - a wand of acid (15/15)
 y - a wand of flame (37/48)
 D - a wand of paralysis (10/24)
 J - a wand of digging (14/24)
Scrolls
 f - a scroll of enchant weapon
 h - a scroll of blinking
 m - 3 scrolls of teleportation
 q - 5 scrolls of remove curse
 s - a scroll of recharging
 v - a scroll of magic mapping
 C - 2 scrolls of enchant armour
Potions
 e - 5 potions of curing
 k - a potion of brilliance
 n - 2 potions of invisibility
 o - 4 potions of resistance {unknown}
 p - 2 potions of cancellation {unknown}
 r - 3 potions of cure mutation {unknown}
 t - a potion of haste
 w - 5 potions of heal wounds
 B - a potion of ambrosia {unknown}
 E - a potion of mutation
 N - a potion of might
Comestibles
 b - 9 slices of pizza
 c - 10 bread rations
 d - 6 meat rations
 g - 13 beef jerkies
 z - 5 fruits


   Skills:
 - Level 9.6 Fighting
 + Level 12.0 Long Blades
 + Level 3.8 Armour
 - Level 8.3 Dodging


You had 10 spell levels left.
You didn't know any spells.

Dungeon Overview and Level Annotations

Branches:
Dungeon (11/15)            Temple (0/1) D:5            Lair (0/6) D:8
    Orc: D:9-12

Altars:
Qazlal
Trog

Annotations:
D:10 Maurice


Innate Abilities, Weirdness & Mutations

You have a pair of horns on your head.
You have a moderately thin skeletal structure. (Dex +4, Stealth+)
You are slightly more attuned to the shadows.
When hurt, damage is shared between your health and your magic reserves.


Message History

The ice devil is almost dead.
The ufetubus barely misses you. The ufetubus closely misses you.
The ice devil hits you.
* * * LOW HITPOINT WARNING * * *
The ice devil freezes you!
* * * LOW HITPOINT WARNING * * *
The ice devil hits you but does no damage.
You slash the ice devil!
You kill the ice devil!
Trog accepts your kill. The ufetubus hits you.
* * * LOW HITPOINT WARNING * * *
The ufetubus barely misses you.
You slash the ice devil!
The ice devil is moderately wounded.
The ufetubus closely misses you. The ufetubus completely misses you.
The ice devil hits you.
* * * LOW HITPOINT WARNING * * *
The ice devil freezes you!!
You die...

##...# ##.....# #...## #....§§.
#...## ....§§§## §§§§## .
##...# #..§§§§§## 4§§§§### ..
##... #.§§.§..# §§....#... ##..
#.§§§§§####§.##§.... ##..#
#§§.....§§##55..# #..##
###§...§§..@4.# ####..##
##.......#### ###.#....#
###...###### ###.........
##...### ####...........
##...###########............§.
##...##[..##.........#......§§§
#..###............#.###.....§§§
#..)##.....##..###### ##....§§§
##..####....##.§.# #####§§.


You could see an ice devil and 2 ufetubi.

Vanquished Creatures
  Nergalle (D:11)
  A hill giant (D:10)
  An ugly thing (D:8)
  2 ice statues (IceCv)
  6 ice devils (IceCv)
  A hornet (D:8)
  2 trolls
  Sigmund (D:4)
  A human (D:7)
  Eustachio (D:4)
  6 yaks
  4 hogs (D:7)
  A hungry ghost (D:9)
  Edmund (D:5)
  A water moccasin (D:8)
  A porcupine (D:8)
  An orc warrior (D:8)
  2 ice beasts
  3 sky beasts
  3 phantoms
  A necrophage (D:6)
  7 ogres
  The ghost of jehirs the Chopper, an amateur DsGl (D:3)
  6 centaurs
  4 big kobolds
  4 bullfrogs
  A water moccasin zombie (D:8)
  2 scorpions
  11 wights
  12 killer bees
  A howler monkey (D:5)
  4 crimson imps
  5 hounds
  A centaur zombie (D:6)
  2 orc priests (D:5)
  2 jellies
  A centaur skeleton (D:4)
  3 iguanas
  Terence (D:3)
  7 orc wizards
  5 worker ants
  2 hound skeletons
  17 adders
  18 gnolls
  2 shadow imps
  18 white imps
  7 ufetubi (IceCv)
  2 adder skeletons
  A worm (D:2)
  2 dart slugs
  4 leopard geckos
  14 orcs
  5 bats
  5 giant cockroaches
  8 goblins
  2 hobgoblins
  9 jackals
  18 kobolds
  4 quokkas
  4 ball pythons
  8 frilled lizards
  A leopard gecko zombie (D:8)
  A quokka skeleton (D:3)
  5 rats
278 creatures vanquished.

Vanquished Creatures (others)
  A white imp (IceCv)
  3 ufetubi (IceCv)
4 creatures vanquished.

Grand Total: 282 creatures vanquished

Notes
Turn   | Place    | Note
-------+----------+-------------------------------------------
     0 | D:1      | Kloppie the Demonspawn Berserker began the quest for the Orb.
     0 | D:1      | Reached XP level 1. HP: 18/18 MP: 1/1
   101 | D:1      | Reached skill level 3 in Long Blades
   101 | D:1      | Gained mutation: When hurt, damage is shared between your health and your magic reserves. [demonic ancestry]
   101 | D:1      | Reached XP level 2. HP: 21/24 MP: 2/2
   492 | D:1      | Reached ** piety under Trog
   706 | D:2      | Gained mutation: You have a somewhat thin skeletal structure. (Dex +2, Stealth) [demonic ancestry]
   706 | D:2      | Reached XP level 3. HP: 26/29 MP: 3/3
  1324 | D:2      | Gained mutation: You have a pair of small horns on your head. [demonic ancestry]
  1324 | D:2      | Reached XP level 4. HP: 26/37 MP: 1/4
  1617 | D:3      | Noticed jehirs's ghost (amateur DsGl)
  1624 | D:3      | Killed jehirs's ghost
  1624 | D:3      | Reached skill level 4 in Long Blades
  1624 | D:3      | Gained mutation: You have a pair of horns on your head. [demonic ancestry]
  1624 | D:3      | Reached XP level 5. HP: 43/43 MP: 3/5
  1667 | D:3      | Noticed Terence
  1677 | D:3      | Killed Terence
  1787 | D:3      | Reached skill level 5 in Fighting
  1983 | D:3      | Reached *** piety under Trog
  2159 | D:4      | Gained mutation: You are slightly more attuned to the shadows. [demonic ancestry]
  2159 | D:4      | Reached XP level 6. HP: 48/51 MP: 4/6
  2333 | D:4      | Reached skill level 5 in Long Blades
  2401 | D:4      | Noticed Eustachio
  2412 | D:4      | Killed Eustachio
  2513 | D:4      | Reached XP level 7. HP: 52/58 MP: 7/7
  2763 | D:4      | Noticed Sigmund
  2769 | D:4      | Killed Sigmund
  2894 | D:5      | Entered Level 5 of the Dungeon
  2909 | D:5      | Reached skill level 6 in Long Blades
  3160 | D:5      | Noticed Edmund
  3170 | D:5      | Killed Edmund
  3187 | D:5      | Reached XP level 8. HP: 25/65 MP: 5/8
  3382 | D:5      | Found a bloodstained altar of Trog.
  3636 | D:5      | Reached **** piety under Trog
  3639 | D:5      | Reached skill level 7 in Long Blades
  3789 | D:5      | Found a staircase to the Ecumenical Temple.
  4338 | D:6      | Reached skill level 8 in Long Blades
  4462 | D:6      | Reached XP level 9. HP: 74/74 MP: 9/9
  5260 | D:7      | Reached skill level 9 in Long Blades
  5701 | D:7      | Reached skill level 5 in Dodging
  5991 | D:8      | Reached ***** piety under Trog
  6549 | D:8      | Found a staircase to the Lair.
  6668 | D:8      | Reached XP level 10. HP: 47/80 MP: 10/10
  6724 | D:8      | Noticed a brown ugly thing
  6990 | D:8      | Reached skill level 10 in Long Blades
  7015 | D:8      | Killed a brown ugly thing
  8250 | D:9      | Got an ichor-stained ring mail
  8444 | D:9      | Identified the cursed +1 ring mail of the Okapi {+Fly rElec MR+++ Int-5} (You found it on level 9 of the Dungeon)
  8549 | D:10     | Entered Level 10 of the Dungeon
  8681 | D:10     | Noticed a hill giant
  8687 | D:10     | Killed a hill giant
  8687 | D:10     | Reached skill level 11 in Long Blades
  8869 | D:10     | Noticed Maurice
  9061 | D:10     | Found a stormy altar of Qazlal.
  9570 | D:11     | Gained mutation: You have a moderately thin skeletal structure. (Dex +4, Stealth+) [demonic ancestry]
  9570 | D:11     | Reached XP level 11. HP: 70/86 MP: 8/11
  9899 | D:11     | Noticed Nergalle
  9919 | D:11     | Killed Nergalle
  9962 | D:11     | Found a frozen archway.
 10013 | IceCv    | Entered an ice cave
 10692 | IceCv    | Received a gift from Trog
 11372 | IceCv    | Reached skill level 12 in Long Blades
 11612 | IceCv    | Slain by an ice devil

Skill      XL: |  1  2  3  4  5  6  7  8  9 10 11 |
---------------+----------------------------------+-----
Long Blades    | 3 4 5 6 8 9 11 12 | 12.0
Fighting       | 4 5 6 8 9 |  9.6
Armour         | 3 |  3.8
Dodging        | 2 5 8 |  8.3

Action                   |  1- 3 |  4- 6 |  7- 9 | 10-12 || total
-------------------------+-------+-------+-------+-------++-------
Melee: Falchion          |   121 |   107 |   425 |       ||   653
       Headbutt          |       |    27 |   131 |    81 ||   239
       Long sword        |       |       |       |   142 ||   142
       Great sword       |       |       |       |   179 ||   179
Invok: Berserk           |     2 |     2 |     3 |    12 ||    19
       Trog's Hand       |       |       |     1 |     2 ||     3
  Use: Scroll            |       |     5 |     4 |     9 ||    18
 Stab: Sleeping          |       |     2 |     2 |     4 ||     8
       Distracted        |       |       |     2 |     1 ||     3
  Eat: Chunk             |     2 |     7 |    15 |    15 ||    39
       Royal jelly       |       |       |     1 |       ||     1
       Meat ration       |       |       |       |     3 ||     3
Armor: Animal skin       |    11 |       |       |       ||    11
       Ring mail         |    19 |    33 |    90 |    80 ||   222
Dodge: Dodged            |    86 |    64 |   222 |   290 ||   662
       Rpst.: Falchion   |    24 |    25 |    82 |       ||   131
       Long sword        |       |       |       |    37 ||    37
       Great sword       |       |       |       |    36 ||    36
